 Dungeon Crawl Stone Soup version 0.26.1-11-gd32895ea62 (webtiles) character file.

Game seed: 4826949376903984050

83 promet the Digger (level 4, -2/24 HPs)
             Began as a Deep Elf Earth Elementalist on June 26, 2021.
             Was an Initiate of Sif Muna.
             Slain by a gnoll (6 damage)
             ... on level 2 of the Dungeon.
             The game lasted 00:13:30 (1910 turns).

promet the Digger (Deep Elf Earth Elementalist)     Turns: 1910, Time: 00:13:30

Health: -2/24      AC:  5    Str:  6    XL:     4   Next: 22%
Magic:  20/20      EV: 12    Int: 20    God:    Sif Muna [......]
Gold:   49         SH:  0    Dex: 15    Spells: 7/10 levels left

rFire    x . .     SeeInvis .   a - +0 dagger
rCold    + . .     Faith    +   (no shield)
rNeg     . . .     Spirit   .   d - +0 leather armour
rPois    .         Reflect  .   (no helmet)
rElec    .         Harm     .   e - +1 cloak
rCorr    .         Rampage  .   (no gloves)
Will     .....                  (no boots)
Stlth    ++........             m - amulet of faith
HPRegen  0.08/turn              g - ring of ice
MPRegen  0.17/turn              j - ring of magical power

@: about to teleport
A: no striking features
a: Renounce Religion


You were on level 2 of the Dungeon.
You worshipped Sif Muna.
Sif Muna was noncommittal.
You visited 1 branch of the dungeon, and saw 4 of its levels.

You collected 49 gold pieces.

Inventory:

Hand Weapons
 a - a +0 dagger (weapon)
 k - a +0 hunting sling
Missiles
 b - 36 stones
 h - 26 arrows
 i - 39 sling bullets
Armour
 c - a +0 robe
 d - a +0 leather armour (worn)
 e - a +1 cloak (worn)
Jewellery
 f - an uncursed amulet of reflection
 g - a ring of ice (left hand)
 j - a ring of magical power (right hand)
 m - an amulet of faith (around neck)
Scrolls
 l - a scroll of teleportation


   Skills:
 * Level 0.9 Fighting
 + Level 0.4 Short Blades
 + Level 0.8 Armour
 + Level 2.7 Dodging
 + Level 2.5 Stealth
 + Level 0.3 Shields
 + Level 3.5 Spellcasting
 + Level 1.1 Transmutations
 + Level 4.4 Earth Magic


You had 7 spell levels left.
You knew the following spells:

 Your Spells              Type           Power        Failure   Level
a - Sandblast             Erth           42%          3%          1
b - Passwall              Tmut/Erth      11%          10%         2

Your spell library contained the following spells:

 Spells                   Type           Power        Failure   Level
 Stone Arrow              Conj/Erth      24%          26%         3
 Petrify                  Tmut/Erth      14%          54%         4
 Lee's Rapid Deconstruct  Erth           10%          67%         5


Dungeon Overview and Level Annotations

Branches:
Dungeon (4/15)
 Temple: D:4-7

Altars:
Cheibriados
Qazlal
Sif Muna
The Shining One


Message History

The worm bites you!
* * * LOW HITPOINT WARNING * * *
You hit the worm.
The worm is moderately wounded.
The worm closely misses you.
The gnoll shouts!
You hit the worm.
The worm is moderately wounded.
The gnoll drinks a potion.
The gnoll flickers and vanishes!
Deactivating autopickup; reactivate with Ctrl-A.
You barely miss the worm.
The worm is moderately wounded.
A hobgoblin comes into view. It is wielding a +0 club.
The worm bites you.
* * * LOW HITPOINT WARNING * * *
You barely miss the worm.
The worm is moderately wounded.
As you read the scroll of teleportation, it crumbles to dust.
You feel strangely unstable. The gnoll hits you.
You die...

#.##.....##8...8#
. # #.##.....#
..#. #.##.....#
.... #.#......#
.... #.#......#
..#. #.#......#
....
#.#......#####
..g.
#.#...........
....
#.#...@.......
....
#.#...wg......
....
#.#...........
....
#.#..........#
...)
#.######.###..
.l## #.# .# # ..
. #.# .. ##.##
#g# #...#


You could see a worm and 2 gnolls.

Vanquished Creatures
  A hound (D:4)
  An adder (D:4)
  2 dart slugs
  2 leopard geckos
  4 bats
  7 hobgoblins (D:1)
  5 jackals (D:1)
  2 frilled lizards
  4 goblins
  3 kobolds
  A leopard gecko skeleton (D:4)
  4 rats
36 creatures vanquished.

Notes
Turn   | Place    | Note
-------+----------+-------------------------------------------
     0 | D:1      | promet the Deep Elf Earth Elementalist began the quest for
                  | the Orb.
     0 | D:1      | Reached XP level 1. HP: 10/10 MP: 6/6
   380 | D:1      | Reached XP level 2. HP: 15/15 MP: 8/8
   385 | D:1      | Learned a level 2 spell: Passwall
   427 | D:1      | Reached skill level 4 in Earth Magic
   863 | D:1      | Reached XP level 3. HP: 20/20 MP: 9/9
  1104 | D:2      | You fall into a shaft and drop 2 floors!
  1178 | D:4      | Found a glowing golden altar of the Shining One.
  1600 | D:4      | Reached XP level 4. HP: 24/24 MP: 11/11
  1765 | D:2      | Found a shimmering blue altar of Sif Muna.
  1798 | D:2      | Became a worshipper of Sif Muna the Loreminder
  1834 | D:2      | Found a stormy altar of Qazlal.
  1835 | D:2      | Found a snail-covered altar of Cheibriados.
  1910 | D:2      | Slain by a gnoll

Illustrated notes

Levels and vault maps discovered:
D:1:      lightli_arrival_windingriver, layout_rooms, corner_web_ring
D:2:      layout_rooms, zin_statuary, overflow_temple_1_default,
          nicolae_overflow_hidden_temple
D:3:      layout_basic, cheibrodos_sewer_entry_drain,
          chequers_ecumenical_altar_grove
D:4:      layout_basic, nicolae_tso_besieged_by_evil, vehumet_altar_wand_db,
          uniq_robin

Skill      XL: |  1  2 |
---------------+-------+-----
Earth Magic    | 4 |  4.4
Fighting       | |  0.9
Short Blades   | |  0.4
Armour         | |  0.8
Dodging        | |  2.7
Stealth        | |  2.5
Shields        | |  0.3
Spellcasting   | |  3.5
Transmutations | |  1.1

Action                   |  1- 3 |  4- 6 || total
-------------------------+-------+-------++-------
Melee: Dagger            |    98 |    41 ||   139
 Cast: Sandblast         |    27 |     2 ||    29
  Use: Scroll            |     3 |     1 ||     4
 Stab: Sleeping          |     1 |     1 ||     2
Armor: Leather armour    |    28 |    14 ||    42
Dodge: Dodged            |    76 |    43 ||   119
Block: Other             |    40 |    15 ||    55
       Reflection        |       |     1 ||     1
